 Dungeon Sprint DCSS version 0.20-a0-640-g62ed22f (webtiles) character file.

1668 esc the Blocker (level 11, 0/58 HPs)
             Began as a Vine Stalker Fighter on Feb 12, 2017.
             Was the Champion of Makhleb.
             Succumbed to a green ugly thing's poison
             ... in the Dungeon (Sprint VI: "Thunderdome").
             The game lasted 00:14:15 (1010 turns).

esc the Blocker (Vine Stalker Fighter)              Turns: 1010, Time: 00:14:15

Health: 0/58       AC: 15    Str: 26    XL:     11   Next: 24%
Magic:  19/19      EV: 15    Int: 10    God:    Makhleb [******]
Gold:   493        SH: 13    Dex: 14    Spells: 14/14 levels left

rFire    + + .     SeeInvis .   g - +0 quick blade
rCold    + . .     Gourm    .   b - +0 scale mail
rNeg     + . .     Faith    .   c - +0 shield
rPois    .         Spirit   +   (no helmet)
rElec    +         Reflect  .   (no cloak)
rCorr    +         Harm     .   e - +4 pair of gloves of the Thoughtful Nights {-Cast rF+ rCorr Int+2}
MR       +....     NoTele   +   (no boots) Stlth +.........NoCast +
                                s - amulet "Riomel" {rElec rF+ Regen+ Str+4}
Regen    1.0/turn               p - ring of Xetosargh {rElec rC+ AC+2}
MPRegen  0.2/turn               d - ring of Elipi {+Fly rN+ Slay+3 Stlth+}

@: lethally poisoned (0 -> -7)
A: fangs 3, blurry vision 1, frail 1, regeneration 1, magic shield, antimagic
bite, no potion heal 3, rot immunity
}: 1/15 runes: serpentine
a: Minor Destruction, Lesser Servant of Makhleb, Major Destruction, Greater
Servant of Makhleb, Renounce Religion, Evoke Flight


You were in the Dungeon.
You worshipped Makhleb.
Makhleb was exalted by your worship.
You were not hungry.

You visited 1 branch You collected 1500 gold pieces.
You spent 1007 gold pieces at shops.

Inventory:

Hand Weapons
 g - a +0 quick blade (weapon)
   (You bought it in a shop in the Dungeon)
Missiles
 j - 2 throwing nets {=f, !d}
Armour
 b - a +0 scale mail (worn)
 c - a +0 shield (worn)
 e - the +4 pair of gloves of the Thoughtful Nights (worn) {-Cast rF+ rCorr Int+2}
   (You bought it in a shop in the Dungeon)

   It affects your intelligence (+2).
   It protects you from fire.
   It prevents spellcasting.
   It protects you from acid and corrosion.
Jewellery
 d - the ring of Elipi (left hand) {+Fly rN+ Slay+3 Stlth+}
   (You bought it in a shop in the Dungeon)

   [ring of positive energy]

   It affects your accuracy and damage with ranged weapons and melee attacks
   (+3).
   It protects you from negative energy.
   It lets you fly.
   It makes you more stealthy.
 p - the ring of Xetosargh (right hand) {rElec rC+ AC+2}
   (You bought it in a shop in the Dungeon)

   [ring of protection]

   It affects your AC (+2).
   It protects you from cold.
   It insulates you from electricity.
 s - the amulet "Riomel" (around neck) {rElec rF+ Regen+ Str+4}
   (You bought it in a shop in the Dungeon)

   [amulet of regeneration]

   It affects your strength (+4).
   It protects you from fire.
   It insulates you from electricity.
   It increases your rate of regeneration.
Wands
 l - a wand of acid (2/15)
   (You found it in the Dungeon)
 m - a wand of iceblast (5/15)
   (You found it in the Dungeon)
Scrolls
 k - 2 scrolls of blinking {!r}
 n - 3 scrolls of fog
Potions
 h - 3 potions of haste
 i - 2 potions of magic
 o - a potion of resistance
Comestibles
 a - 2 chunks of flesh {@w0}
 f - a bread ration {@e1}


   Skills:
 + Level 11.0 Fighting
 - Level 9.5 Short Blades
 + Level 8.7 Armour
 + Level 8.3 Dodging
 + Level 12.6 Shields
 - Level 2.0 Spellcasting
 + Level 9.7 Invocations


You had 14 spell levels left.
You didn't know any spells.

Dungeon Overview and Level Annotations

Branches:
Dungeon (1/1)

Altars:
Cheibriados
Dithmenos
Fedhas
Gozag
Kikubaaqudgha
Makhleb
Okawaru
Qazlal
Ru
Sif Muna
Trog
Uskayaw
Vehumet
Xom
Yredelemnul
Zin
The Shining One
Beogh
Jiyva
Lugonu

Shops:
D *[%??*?*:[((!!!!


Innate Abilities, Weirdness & Mutations

You have razor-sharp teeth.
Your natural rate of healing is unusually fast.
When hurt, damage is shared between your health and your magic reserves.
Your bite disrupts and absorbs the magic of your enemies.
Potions cannot restore your health.
You are immune to rotting.
Scrolls take you a little longer to read.
You are frail. (-10% HP)


Message History

Your orange demon stings the brown ugly thing from afar!
Aim: a brown ugly thing (moderately wounded)
The puff of flame hits the brown ugly thing.
Your orange demon stings the brown ugly thing!
Your orange demon hits the brown ugly thing.
The brown ugly thing looks weaker.
Aim: a brown ugly thing (severely wounded, weak)
The zap hits the brown ugly thing.
The brown ugly thing appears unharmed.
The zap hits the green ugly thing.
Your orange demon stings the brown ugly thing!
The brown ugly thing looks as sick as possible!
Your orange demon poisons the brown ugly thing!
Your orange demon hits the brown ugly thing.
Aim: a brown ugly thing (almost dead, poisoned, weak)
The puff of flame hits the brown ugly thing.
The brown ugly thing dies!
Makhleb accepts your kill.
Your orange demon stings the green ugly thing!
Your orange demon hits the green ugly thing but does no damage.
A demon appears!
Your orange demon barely misses the green ugly thing.
Your orange demon hits the green ugly thing.
You take 3 damage, and have 36/57 hp.
Your orange demon stings the green ugly thing!
Your orange demon misses the green ugly thing.
You hit the green ugly thing but do no damage.
You bite the green ugly thing!! You drain its power.
You feel invigorated. The green ugly thing gores you!
You are poisoned.
The green ugly thing poisons you!
Your orange demon stings the green ugly thing but does no damage.
You take 4 damage, and have 33/57 hp.
You now have 16/19 mp.
You strike the helpless green ugly thing from behind!
You puncture the green ugly thing!
You feel sick.
You barely miss the green ugly thing.
You feel sick.
You take 1 damage, and have 32/57 hp.
You hit the green ugly thing but do no damage.
You bite the green ugly thing! You drain its power.
You feel invigorated.
Your orange demon stings the green ugly thing from afar.
The green ugly thing gores you.
You are lethally poisoned!
The green ugly thing poisons you!
Your orange demon stings the green ugly thing from afar.
You take 2 damage, and have 30/57 hp.
MP restored: 19 You feel very sick.
Your orange demon stings the green ugly thing from afar!
The green ugly thing dies!
Makhleb accepts your kill.
Victory!
Score multiplier: 9x You now have 1668 arena points (gained 693).
Your orange demon disappears in a puff of smoke! x2
Your Fighting skill increases to level 11!
You see here 350 gold pieces.
You take 3 damage, and have 27/58 hp.
You now have 493 gold pieces (gained 350).
You feel very sick.
You take 4 damage, and have 23/58 hp.
Okay, then.
Search for what [? for help]? cure Can't find anything matching that.
Search for what [Enter for "cure", or ? for help]? curing Can't find anything matching that.
Okay, then.
You feel very sick.
You take 3 damage, and have 20/58 hp.
* * * LOW HITPOINT WARNING * * *
You feel very sick.
You take 3 damage, and have 17/58 hp.
Okay, then.
Unknown command.
* * * LOW HITPOINT WARNING * * *
You feel very sick.
You take 3 damage, and have 14/58 hp.
* * * LOW HITPOINT WARNING * * *
You feel very sick.
You take 3 damage, and have 11/58 hp.
* * * LOW HITPOINT WARNING * * *
You feel very sick.
You take 2 damage, and have 9/58 hp.
* * * LOW HITPOINT WARNING * * *
You feel very sick.
You take 2 damage, and have 7/58 hp.
* * * LOW HITPOINT WARNING * * *
You feel very sick.
You take 2 damage, and have 5/58 hp.
* * * LOW HITPOINT WARNING * * *
You feel sick.
Things that are here:
a ring mail; a trident You take 1 damage, and have 4/58 hp.
Okay, then.
* * * LOW HITPOINT WARNING * * *
You feel very sick.
You take 2 damage, and have 2/58 hp.
* * * LOW HITPOINT WARNING * * *
You feel sick.
You take 1 damage, and have 1/58 hp.
You die...

#_......._# #_......._#
#_......._# ###.........###
#⌠...........⌠#
######.8..[......8.######
##∩__.......###).....___∩##
##∩........8.# #.8........∩###
.............###@..).........##
.........(###[..###..........⌠#
:.(!.....[# #.<.# #..[.......⌠#
...(......###)..###..........⌠#
...)........)###.............##
##∩........8.# #.8........∩###
##∩__...(..[###......___∩##
######.8(........8.######
#⌠...........⌠#


There were no monsters in sight!

Vanquished Creatures
  Rupert (D)
  Harold (D)
  A sun demon (D)
  A sixfirhy (D)
  A rust devil (D)
  An orange demon (D)
  A hornet (D)
  Sigmund (D)
  A neqoxec (D)
  A soldier ant (D)
  A scorpion (D)
  6 killer bees (D)
  3 hounds (D)
  Jessica (D)
  4 gnolls (D)
  An adder (D)
  A bat (D)
  A jackal (D)
  5 kobolds (D)
33 creatures vanquished.

Vanquished Creatures (collateral kills)
  A naga warrior (D)
  Erica (D)
  A soul eater (D)
  2 ugly things (D)
  A queen bee (D)
  A chaos spawn (D)
  A neqoxec (D)
  A bat zombie (D)
9 creatures vanquished.

Vanquished Creatures (others)
  A kobold (D)
1 creature vanquished.

Grand Total: 43 creatures vanquished

Notes
Turn   | Place    | Note
-------+----------+-------------------------------------------
     0 | D        | esc the Vine Stalker Fighter began the quest for the Orb.
     0 | D        | Reached XP level 1. HP: 11/11 MP: 2/2
     1 | D        | Found a bloodstained altar of Trog.
     2 | D        | Found a viscous altar of Jiyva.
     2 | D        | Found an opulent altar of Gozag.
     3 | D        | Found a snail-covered altar of Cheibriados.
     3 | D        | Found a blossoming altar of Fedhas.
     4 | D        | Found Gapixyno's Bee Food.
     4 | D        | Found a shimmering altar of Xom.
     4 | D        | Found Giobrutoum's Identification Station.
     5 | D        | Found Bixa's Jewellery.
     5 | D        | Found Socaahud's Advanced Armour.
     5 | D        | Round 1.
    13 | D        | Bought a wavering bone ring for 45 gold pieces
    13 | D        | Bought a transparent granite ring for 45 gold pieces
    13 | D        | Bought a clouded lead amulet for 45 gold pieces
    13 | D        | Identified the amulet "Xyptal" {Inacc *Slow rC+ rN++ Stlth+} (You bought it in a shop in the Dungeon)
    14 | D        | Identified the ring "Egoim" {Str+2 Int+4} (You bought it in a shop in the Dungeon)
    15 | D        | Identified the ring of Xetosargh {rElec rC+ AC+2} (You bought it in a shop in the Dungeon)
    16 | D        | Bought a clouded bronze amulet for 45 gold pieces
    17 | D        | Identified the amulet "Riomel" {rElec rF+ Regen+ Str+4} (You bought it in a shop in the Dungeon)
    24 | D        | Found a stormy altar of Qazlal.
    27 | D        | Found a glowing silver altar of Zin.
    27 | D        | Found a glowing golden altar of the Shining One.
    27 | D        | Found a sacrificial altar of Ru.
    27 | D        | Found Meihaelad's Magic Scroll Shop.
    27 | D        | Found Emebb's Staff Store.
    28 | D        | Found Lajif's Magic Scroll Shop.
    28 | D        | Found Usiown's Must-Have Magic.
    31 | D        | Found a roughly hewn altar of Beogh.
    39 | D        | Reached skill level 3 in Fighting
    39 | D        | Reached skill level 2 in Short Blades
    39 | D        | Reached skill level 3 in Shields
    39 | D        | Reached XP level 2. HP: 10/16 MP: 3/3
    40 | D        | Found an ancient bone altar of Kikubaaqudgha.
    55 | D        | Found a deep blue altar of Sif Muna.
    56 | D        | Found Ducvi's Distillery.
    56 | D        | Found an iron altar of Okawaru.
    56 | D        | Found a basalt altar of Yredelemnul.
    56 | D        | Found a hide-covered altar of Uskayaw.
    56 | D        | Found Dyraminyr's Do-It-Yourself Clinic.
    57 | D        | Found Hupune's Distillery.
    57 | D        | Found Anivac's Bottled Wisdom.
    60 | D        | Found a shadowy altar of Dithmenos.
    61 | D        | Found a burning altar of Makhleb.
    62 | D        | Found a corrupted altar of Lugonu.
    63 | D        | Found Efunaiz's Weapon Rack.
    64 | D        | Found Xixecox's Basic Armour.
    64 | D        | Found Okovoal's Miscellaneous Merchandise.
    69 | D        | Became a worshipper of Makhleb the Destroyer
    70 | D        | Found a radiant altar of Vehumet.
    70 | D        | Found Deohed's Premium Goods.
    71 | D        | Noticed Sigmund
    77 | D        | Killed Sigmund
    77 | D        | Reached skill level 6 in Fighting
    77 | D        | Reached skill level 5 in Short Blades
    77 | D        | Reached skill level 6 in Shields
    77 | D        | Reached XP level 3. HP: 22/23 MP: 4/4
    77 | D        | Gained mutation: Your natural rate of healing is unusually fast. [Vine Stalker growth]
    77 | D        | Reached XP level 4. HP: 27/28 MP: 5/5
    77 | D        | Reached XP level 5. HP: 31/32 MP: 6/6
    81 | D        | Noticed Jessica
    85 | D        | Reached * piety under Makhleb
    89 | D        | Killed Jessica
    89 | D        | Arena points: 12 (+12) [x2]
    89 | D        | Reached skill level 6 in Short Blades
   138 | D        | Round 2.
   150 | D        | Reached skill level 1 in Spellcasting
   150 | D        | Reached skill level 1 in Invocations
   156 | D        | Reached skill level 1 in Dodging
   170 | D        | Reached ** piety under Makhleb
   170 | D        | Reached XP level 6. HP: 37/37 MP: 7/9
   172 | D        | Reached skill level 3 in Armour
   175 | D        | Reached skill level 2 in Spellcasting
   175 | D        | Reached skill level 2 in Invocations
   178 | D        | Arena points: 54 (+42) [x3]
   204 | D        | Bought a scintillating steel ring for 45 gold pieces
   205 | D        | Identified the ring of Elipi {+Fly rN+ Slay+3 Stlth+} (You bought it in a shop in the Dungeon)
   211 | D        | Round 3.
   218 | D        | Reached *** piety under Makhleb
   238 | D        | Arena points: 138 (+84) [x4]
   288 | D        | Round 4.
   299 | D        | Reached **** piety under Makhleb
   299 | D        | Reached skill level 7 in Fighting
   299 | D        | Reached skill level 2 in Dodging
   299 | D        | Reached skill level 7 in Shields
   337 | D        | Reached skill level 3 in Invocations
   365 | D        | Reached XP level 7. HP: 42/42 MP: 9/11
   398 | D        | Noticed a queen bee
   398 | D        | Reached ***** piety under Makhleb
   398 | D        | Reached skill level 7 in Short Blades
   398 | D        | Reached skill level 4 in Armour
   398 | D        | Reached skill level 3 in Dodging
   416 | D        | HP: 9/42 [poisoned by a queen bee]
   418 | D        | HP: 2/42 [killer bee (5)]
   427 | D        | Killed a queen bee
   427 | D        | Arena points: 298 (+160) [x5]
   427 | D        | Reached skill level 8 in Fighting
   427 | D        | Reached skill level 4 in Dodging
   427 | D        | Reached skill level 8 in Shields
   427 | D        | Reached skill level 4 in Invocations
   437 | D        | Bought a pair of encrusted gloves for 332 gold pieces
   442 | D        | Identified the +4 pair of gloves of the Thoughtful Nights {-Cast rF+ rCorr Int+2} (You bought it in a shop in the Dungeon)
   467 | D        | Round 5.
   493 | D        | Noticed a naga warlord
   513 | D        | Killed a naga warlord
   513 | D        | Arena points: 543 (+245) [x7]
   513 | D        | Reached skill level 8 in Short Blades
   513 | D        | Reached skill level 5 in Armour
   513 | D        | Reached skill level 5 in Invocations
   513 | D        | Gained mutation: You have razor-sharp teeth. [Vine Stalker growth]
   513 | D        | Reached XP level 8. HP: 40/48 MP: 11/13
   514 | D        | Got a serpentine rune of Zot
   528 | D        | Reached skill level 10 in Shields
   528 | D        | Reached XP level 9. HP: 52/52 MP: 12/14
   692 | D        | Round 6.
   706 | D        | Noticed a soul eater
   718 | D        | Gained mutation: You are frail. (-10% HP) [a neqoxec]
   719 | D        | Noticed an orange demon
   719 | D        | Noticed a sun demon
   722 | D        | Gained mutation: Scrolls take you a little longer to read. [a neqoxec]
   734 | D        | Killed a soul eater
   734 | D        | Reached skill level 5 in Dodging
   734 | D        | Reached skill level 6 in Invocations
   735 | D        | Killed a sun demon
   735 | D        | Reached skill level 9 in Fighting
   735 | D        | Reached skill level 9 in Short Blades
   735 | D        | Reached skill level 6 in Armour
   735 | D        | Reached skill level 11 in Shields
   735 | D        | Reached XP level 10. HP: 52/52 MP: 14/16
   738 | D        | Reached skill level 7 in Invocations
   741 | D        | Killed an orange demon
   741 | D        | Reached skill level 6 in Dodging
   754 | D        | Noticed a rust devil
   761 | D        | Noticed a sixfirhy
   772 | D        | Killed a sixfirhy
   772 | D        | Reached skill level 7 in Armour
   777 | D        | Killed a rust devil
   777 | D        | Arena points: 975 (+432) [x8]
   797 | D        | Bought a +0 quick blade for 450 gold pieces
   803 | D        | Round 7.
   813 | D        | Noticed Harold
   813 | D        | Paralysed by a hornet for 1 turns
   829 | D        | Reached skill level 8 in Invocations
   874 | D        | Killed Harold
   874 | D        | Reached skill level 10 in Fighting
   874 | D        | Reached skill level 7 in Dodging
   874 | D        | Reached skill level 12 in Shields
   879 | D        | Noticed Erica
   885 | D        | Killed Erica
   889 | D        | Noticed Rupert
   890 | D        | Reached ****** piety under Makhleb
   907 | D        | Reached skill level 8 in Armour
   937 | D        | HP: 9/54 [Rupert/great sword of holy wrath (7)]
   939 | D        | HP: 2/54 [Rupert/great sword of holy wrath (8)]
   940 | D        | Killed Rupert
   940 | D        | Reached skill level 8 in Dodging
   940 | D        | Reached skill level 9 in Invocations
   940 | D        | Reached XP level 11. HP: 2/57 MP: 1/19
   964 | D        | Noticed a green ugly thing
   965 | D        | Noticed a brown ugly thing
   991 | D        | Killed a brown ugly thing
   998 | D        | Killed a green ugly thing
   998 | D        | Arena points: 1668 (+693) [x9]
   998 | D        | Reached skill level 11 in Fighting
  1002 | D        | HP: 14/58 [poisoned by a green ugly thing]
  1006 | D        | HP: 5/58 [poisoned by a green ugly thing]
  1008 | D        | HP: 2/58 [poisoned by a green ugly thing]
  1010 | D        | Succumbed to a green ugly thing's poison

Vault maps used:
D:        arena_sprint

Skill      XL: |  1  2  3  4  5  6  7  8  9 10 11 |
---------------+----------------------------------+-----
Fighting       | 3 6 7 8 9 10 11 | 11.0
Short Blades   | 2 5 6 8 9 |  9.5
Shields        | 3 6 7 8 10 11 12 | 12.6
Spellcasting   | 1 2 |  2.0
Invocations    | 1 3 5 6 9 |  9.7
Dodging        | 1 2 4 5 8 |  8.3
Armour         | 3 5 6 8 |  8.7

Action                   |  1- 3 |  4- 6 |  7- 9 | 10-12 || total
-------------------------+-------+-------+-------+-------++-------
Melee: Rapier            |     9 |    45 |    30 |    26 ||   110
       Bite              |     3 |    15 |    12 |    39 ||    69
       Quick blade       |       |       |       |    68 ||    68
Invok: Minor Destruction |       |    10 |    22 |    17 ||    49
       Lesser Servant of |       |       |     6 |     9 ||    15
Evoke: Wand              |       |       |     2 |     1 ||     3
  Use: Potion            |     2 |       |     3 |       ||     5
       Scroll            |       |       |     2 |       ||     2
 Stab: Distracted        |       |       |       |     4 ||     4
Armor: Scale mail        |     3 |    16 |    11 |     7 ||    37
Dodge: Dodged            |     2 |    10 |    18 |    16 ||    46
Block: Shield            |     3 |    26 |    20 |    18 ||    67

Vault maps used:
D:        arena_sprint

Table legend:
 A = Turns spent in this place as a percentage of turns spent in the entire game.
 B = Non-inter-level travel turns spent in this place as a percentage of non-inter-level travel turns spent in the entire game.
 C = Inter-level travel turns spent in this place as a percentage of turns spent in this place.
 D = Turns resting spent in this place as a percentage of non-inter-level travel turns spent in this place.
 E = Turns spent auto-exploring this place as a percentage of non-inter-level travel turns spent in this place.
 F = Non-inter-level travel turns spent in this place divided by the number of levels of this place that you've seen.
                   A       B       C       D       E      F
               +-------+-------+-------+-------+-------+----------------------
         Total | 100.0 | 100.0 |   0.0 |   3.2 |   0.0 | 774.0
       Dungeon | 100.0 | 100.0 |   0.0 |   3.2 |   0.0 | 774.0
               +-------+-------+-------+-------+-------+----------------------

Table legend:
 A = Kills in this place as a percentage of kills in entire the game.
 B = Kills by you in this place as a percentage of kills by you in the entire game.
 C = Kills by friends in this place as a percentage of kills by friends in the entire game.
 D = Other kills in this place as a percentage of other kills in the entire game.
 E = Experience gained in this place as a percentage of experience gained in the entire game.
 F = Experience gained in this place divided by the number of levels of this place that you have seen.
                   A       B       C       D       E      F
               +-------+-------+-------+-------+-------+----------------------
         Total | 100.0 | 100.0 | 100.0 |  -nan | 100.0 | 9660.0
       Dungeon | 100.0 | 100.0 | 100.0 |  -nan | 100.0 | 9660.0
               +-------+-------+-------+-------+-------+----------------------
